 Dungeon Crawl Stone Soup version 0.18.1-50-g88ac8fd (webtiles) character file.

184 ubername the Chopper (level 5, -2/46 HPs)
             Began as a Hill Orc Monk on Mar 1, 2017.
             Was a Follower of Qazlal.
             Slain by a phantom (7 damage)
             ... on level 4 of the Dungeon.
             The game lasted 00:13:14 (4300 turns).

ubername the Chopper (Hill Orc Monk)                Turns: 4300, Time: 00:13:16

Health: -2/46      AC:  4    Str: 14    XL:     5   Next: 63%
Magic:  5/5        EV: 12    Int: 11    God:    Qazlal [*.....]
Gold:   102        SH:  1    Dex: 13    Spells: 2 memorised, 1 level left

rFire  . . .     SeeInvis .     f - +1 hand axe
rCold  . . .     Gourm    .     e - +0 leather armour
rNeg   . . .     Faith    .     (no shield)
rPois  .         Spirit   .     (no helmet)
rElec  .         Dismiss  .     (no cloak)
rCorr  .         Reflect  .     (no gloves)
SustAt .         Harm     .     j - +0 pair of boots
MR     .....                    (no amulet)
Stlth  ++........               (no ring)
                                (no ring)

@: exhausted, slowed, very slow, not resistant to hostile enchantments,
unstealthy
A: no striking features
a: Renounce Religion


You were on level 4 of the Dungeon.
You worshipped Qazlal.
Qazlal was aware of your devotion.
You were hungry.

You visited 1 branch of the dungeon, and saw 4 of its levels.

You collected 102 gold pieces.

Inventory:

Hand Weapons
 d - a +0 dagger
 f - a +1 hand axe (weapon)
 g - a +0 short sword
 i - a +0 club
 t - a +0 hunting sling
 u - a +0 flail
Missiles
 c - 35 poisoned needles
 k - 46 stones
 o - 48 arrows
 w - 11 bolts
 B - 6 javelins (quivered)
Armour
 a - a +0 robe
 e - a +0 leather armour (worn)
 j - a +0 pair of boots (worn)
 C - a +0 leather armour of magic resistance
Jewellery
 A - an uncursed amulet of faith {unknown}
Wands
 n - a wand of flame (0/48)
 y - a wand of confusion (24/48)
Scrolls
 h - 4 scrolls of amnesia
 l - 2 scrolls of enchant weapon
 s - a scroll of enchant armour {unknown}
 v - a scroll of blinking {unknown}
 E - a scroll of remove curse {unknown}
Potions
 b - a potion of berserk rage
 q - a potion of lignification
Comestibles
 m - a meat ration
 p - 2 slices of pizza
 D - a beef jerky


   Skills:
 - Level 3.9 Fighting
 - Level 0.2 Short Blades
 * Level 5.3 Axes
 - Level 2.7 Dodging
 - Level 1.9 Stealth
 + Level 4.7 Unarmed Combat
 + Level 0.3 Spellcasting
 + Level 0.2 Conjurations
 + Level 0.2 Fire Magic


You had one spell level left.
You knew the following spells:

 Your Spells              Type           Power        Failure   Level  Hunger
a - Flame Tongue          Conj/Fire      #....        45%         1    ##.....
b - Throw Flame           Conj/Fire      #.....       71%         2    ###....


Dungeon Overview and Level Annotations

Branches:
Dungeon (4/15)
 Temple: D:4-7

Altars:
Cheibriados
Nemelex Xobeh
Pakellas
Qazlal
Trog
Vehumet
The Shining One


Message History

You feel yourself moving faster!
You feel mighty! The phantom hits you.
* * * LOW HITPOINT WARNING * * *
You barely miss the phantom.
The phantom is lightly damaged.
The phantom hits you.
* * * LOW HITPOINT WARNING * * *
The phantom blinks!
You feel a strong urge to attack something.
Found 10 gold pieces.
You slash the phantom!
The phantom is moderately damaged.
The phantom closely misses you.
You closely miss the phantom.
The phantom is moderately damaged.
You are no longer berserk.
You are exhausted.
You feel yourself slow down.
You are feeling hungry.
The phantom hits you!
You die...

....... ..# ..........
#... ..........## ....
.......#...##....
...............# ###
........##...... ..##
........#...######....
$.....W@......#.......
........#.....#......
........#..#..†..######
.......##..#.......#..#
......# ######.....#..#
###.## #..#.....## ##..
#####..#.......
###..#######...######.....
...............#.###...#..


You could see a phantom.

Vanquished Creatures
  A crimson imp (D:3)
  7 adders
  4 worms
  4 dart slugs
  A giant gecko (D:2)
  An orc (D:2)
  4 ball pythons
  7 bats
  7 giant cockroaches
  8 goblins
  6 hobgoblins
  2 jackals (D:2)
  5 kobolds
  2 quokkas
  5 giant newts
  6 rats
  A plant (D:3)
71 creatures vanquished.

Notes
Turn   | Place    | Note
--------------------------------------------------------------
     0 | D:1      | ubername the Hill Orc Monk began the quest for the Orb.
     0 | D:1      | Reached XP level 1. HP: 19/19 MP: 1/1
    98 | D:1      | Reached XP level 2. HP: 6/27 MP: 2/2
   856 | D:1      | Reached XP level 3. HP: 30/33 MP: 3/3
  1067 | D:1      | Reached skill level 1 in Axes
  1664 | D:2      | Reached skill level 2 in Axes
  1829 | D:2      | Reached XP level 4. HP: 37/40 MP: 4/4
  1861 | D:2      | Reached skill level 3 in Axes
  2211 | D:2      | Found a radiant altar of Vehumet.
  2482 | D:2      | Found a bloodstained altar of Trog.
  2570 | D:2      | Became a worshipper of Vehumet
  2570 | D:2      | Reached * piety under Vehumet
  2570 | D:2      | Offered knowledge of Flame Tongue by Vehumet.
  2570 | D:2      | Reached ** piety under Vehumet
  2573 | D:2      | Learned a level 1 spell: Flame Tongue
  2835 | D:2      | Offered knowledge of Throw Flame by Vehumet.
  2835 | D:2      | Reached skill level 4 in Axes
  2847 | D:2      | Learned a level 2 spell: Throw Flame
  2905 | D:2      | Found a stormy altar of Qazlal.
  2906 | D:2      | Found a bloodstained altar of Trog.
  2908 | D:2      | Fell from the grace of Vehumet
  2908 | D:2      | Became a worshipper of Qazlal Stormbringer
  3202 | D:3      | Reached XP level 5. HP: 43/46 MP: 5/5
  3239 | D:3      | Found a sparkling altar of Nemelex Xobeh.
  3239 | D:3      | Found a snail-covered altar of Cheibriados.
  3239 | D:3      | Found a glowing golden altar of the Shining One.
  3356 | D:3      | Reached skill level 5 in Axes
  3740 | D:3      | Found an oddly glowing altar of Pakellas.
  3927 | D:3      | Reached * piety under Qazlal
  4214 | D:4      | Noticed a phantom
  4300 | D:4      | Slain by a phantom

Skill      XL: |  1  2  3  4  5 |
---------------+----------------+-----
Axes           | 2 4 5 |  5.3
Fighting       | |  3.9
Short Blades   | |  0.2
Dodging        | |  2.7
Stealth        | |  1.9
Unarmed Combat | |  4.7
Spellcasting   | |  0.3
Conjurations   | |  0.2
Fire Magic     | |  0.2

Action                   |  1- 3 |  4- 6 || total
-------------------------+-------+-------++-------
Melee: Dagger            |    31 |       ||    31
       Unarmed           |     3 |       ||     3
       Hand axe          |   117 |   267 ||   384
       Punch             |     3 |    11 ||    14
Throw: Throwing net      |     2 |       ||     2
       Stone             |       |    45 ||    45
       Javelin           |       |     2 ||     2
 Cast: Flame Tongue      |       |     2 ||     2
  Use: Potion            |       |     4 ||     4
       Scroll            |       |     4 ||     4
 Stab: Sleeping          |     3 |     4 ||     7
       Distracted        |       |     1 ||     1
  Eat: Chunk             |     3 |     5 ||     8
       Bread ration      |       |     1 ||     1
Armor: Robe              |    21 |       ||    21
       Leather armour    |     9 |    68 ||    77
       Skin              |       |    14 ||    14
Dodge: Dodged            |   108 |   144 ||   252
